 Dungeon Crawl Stone Soup version 0.21.1-1-g345015fe64 (webtiles) character file.

329 JarielCorvus the Magician (level 6, 0/32 HPs)
             Began as a Deep Elf Fire Elementalist on June 30, 2018.
             Slain by a centaur (7 damage)
             ... on level 5 of the Dungeon.
             The game lasted 00:16:59 (5271 turns).

JarielCorvus the Magician (DEFE)                    Turns: 5271, Time: 00:16:59

Health: 0/32       AC:  6    Str:  5    XL:     6   Next: 25%
Magic:  2/17       EV: 13    Int: 22    God:
Gold:   278        SH:  0    Dex: 15    Spells: 0/18 levels left

rFire    . . .     SeeInvis .   x - +8 spear of Attainder {flame, -Tele rElec Stlth+}
rCold    . . .     Gourm    .   (no shield)
rNeg     . . .     Faith    .   a - +1 robe
rPois    +         Spirit   .   (no helmet)
rElec    +         Reflect  .   (no cloak)
rCorr    .         Harm     .   z - +2 pair of gloves
MR       .....     NoTele   +   (no boots)
Stlth    +++.......             (no amulet)
HPRegen  0.10/turn              f - ring of poison resistance
MPRegen  0.15/turn              g - ring of wizardry

@: no status effects
A: no striking features
a: no special abilities


You were on level 5 of the Dungeon.
You were not hungry.

You visited 1 branch of the dungeon, and saw 5 of its levels.

You collected 278 gold pieces.

Inventory:

Hand Weapons
 e - a +0 dagger
 i - a +0 war axe
 m - a +0 hunting sling
 x - the +8 spear of Attainder (weapon) {flame, -Tele rElec Stlth+}
   (You found it on level 4 of the Dungeon)

   It has been specially enchanted to burn those struck by it, causing extra
   injury to most foes and up to half again as much damage against particularly
   susceptible opponents.
   It insulates you from electricity.
   It prevents most forms of teleportation.
   It makes you more stealthy.
Missiles
 n - 89 stones (quivered)
Armour
 a - a +1 robe (worn)
 k - a +0 pair of gloves
 z - a +2 pair of gloves (worn)
Magical Staves
 y - an uncursed staff of poison
Jewellery
 d - a cursed ring of teleportation {unknown}
 f - a ring of poison resistance (left hand)
 g - a ring of wizardry (right hand)
 q - an uncursed amulet of faith
 v - an uncursed ring of see invisible
Scrolls
 h - 2 scrolls of remove curse
 p - a scroll of enchant weapon
 u - a scroll of immolation {unknown}
 w - a scroll of fog
Potions
 j - 2 potions of haste
 l - a potion of invisibility
 o - 2 potions of flight {unknown}
 r - 2 potions of heal wounds {unknown}
 s - a potion of brilliance {unknown}
 t - a potion of berserk rage {unknown}
 B - a potion of might {unknown}
Books
 b - a book of Flames

   Spells                             Type                      Level
   a - Flame Tongue                   Conjuration/Fire             1
   b - Throw Flame                    Conjuration/Fire             2
   c - Conjure Flame                  Conjuration/Fire             3
   d - Inner Flame                    Hexes/Fire                   3
   e - Sticky Flame                   Conjuration/Fire             4
   f - Fireball                       Conjuration/Fire             5
Comestibles
 c - a ration


   Skills:
 - Level 2.4 Dodging
 - Level 2.4 Stealth
 * Level 6.6 Spellcasting
 + Level 3.4 Conjurations
 + Level 4.8 Fire Magic


You couldn't memorise any spells.
You knew the following spells:

 Your Spells              Type           Power        Failure   Level  Hunger
a - Flame Tongue          Conj/Fire      ####.        1%          1    None
b - Throw Flame           Conj/Fire      ####..       1%          2    None
c - Conjure Flame         Conj/Fire      ####....     1%          3    #......
d - Inner Flame           Hex/Fire       ###.....     4%          3    #......
e - Sticky Flame          Conj/Fire      ####....     6%          4    ###....
f - Fireball              Conj/Fire      ####......   16%         5    #####..


Dungeon Overview and Level Annotations

Branches:
Dungeon (5/15)
 Temple: D:4-7

Altars:
Makhleb

Annotations:
D:3 patthesweetcat's ghost, amateur HOBe


Message History

You hit the centaur. You burn the centaur.
The centaur is lightly wounded.
The centaur closely misses you.
The centaur hits you but does no damage.
You hit the centaur. You burn the centaur.
The centaur is moderately wounded.
The centaur closely misses you.
You hit the centaur. You burn the centaur.
The centaur is heavily wounded.
The centaur barely misses you. The centaur completely misses you.
You hit the centaur. You burn the centaur.
The centaur is severely wounded.
The centaur hits you.
* * * LOW HITPOINT WARNING * * *
The centaur hits you.
* * * LOW HITPOINT WARNING * * *
You barely miss the centaur.
The centaur is severely wounded.
The centaur hits you!
You die...

..).......#.###....#
..........#........#
####.....#####.#..#
###)#.#........#
#c#.#.>...#.####
#.#.#######.....
#.#.............
#######)##############
#....@#.####
#.....c(...#
#..........#
#.....(....#
#..........#
#.....#+#### #.....#
#.....# +.....


You could see a centaur.

Vanquished Creatures
  A phantom (D:5)
  An orc wizard (D:3)
  An orc priest (D:3)
  A worker ant (D:4)
  3 gnolls (D:5)
  4 adders
  An adder skeleton (D:4)
  A worm (D:2)
  5 dart slugs
  5 orcs
  A ball python (D:1)
  2 bat skeletons (D:2)
  3 giant cockroaches
  8 goblins
  7 hobgoblins
  4 jackals (D:2)
  A quokka (D:4)
  7 bats
  7 frilled lizards
  A jackal skeleton (D:2)
  8 kobolds
  A leopard gecko skeleton (D:2)
  A quokka skeleton (D:2)
  A quokka zombie (D:2)
  10 rats
85 creatures vanquished.

Notes
Turn   | Place    | Note
-------+----------+-------------------------------------------
     0 | D:1      | JarielCorvus the Deep Elf Fire Elementalist began the quest for the Orb.
     0 | D:1      | Reached XP level 1. HP: 10/10 MP: 6/6
   251 | D:1      | Reached XP level 2. HP: 15/15 MP: 5/8
   255 | D:1      | Learned a level 2 spell: Throw Flame
   692 | D:1      | Reached skill level 4 in Spellcasting
   799 | D:1      | Reached XP level 3. HP: 19/19 MP: 5/10
   804 | D:1      | Learned a level 3 spell: Conjure Flame
   808 | D:1      | Learned a level 3 spell: Inner Flame
  1818 | D:2      | Reached XP level 4. HP: 24/24 MP: 9/12
  2085 | D:2      | Reached skill level 5 in Spellcasting
  2186 | D:2      | Found a burning altar of Makhleb.
  2335 | D:2      | Learned a level 4 spell: Sticky Flame
  2804 | D:3      | Noticed patthesweetcat's ghost (amateur HOBe)
  3164 | D:3      | Reached XP level 5. HP: 27/28 MP: 10/15
  4241 | D:4      | Got a crude spear
  4242 | D:4      | Identified the +8 spear of Attainder {flame, -Tele rElec Stlth+} (You found it on level 4 of the Dungeon)
  4489 | D:4      | Reached skill level 6 in Spellcasting
  5119 | D:5      | Entered Level 5 of the Dungeon
  5124 | D:5      | Noticed a phantom
  5131 | D:5      | Killed a phantom
  5131 | D:5      | Reached XP level 6. HP: 32/32 MP: 6/17
  5210 | D:5      | Learned a level 5 spell: Fireball
  5271 | D:5      | Slain by a centaur

Skill      XL: |  1  2  3  4  5 |
---------------+----------------+-----
Spellcasting   | 4 5 6 |  6.6
Conjurations   | 2 3 |  3.4
Fire Magic     | 4 |  4.8
Dodging        | |  2.4
Stealth        | |  2.4

Action                   |  1- 3 |  4- 6 || total
-------------------------+-------+-------++-------
Melee: War axe           |       |    31 ||    31
       Dagger            |       |    69 ||    69
       Unarmed           |       |     4 ||     4
       Spear             |       |     6 ||     6
 Fire: Hunting sling     |       |    46 ||    46
Throw: Stone             |       |     1 ||     1
 Cast: Flame Tongue      |    37 |    37 ||    74
       Throw Flame       |    41 |    32 ||    73
       Inner Flame       |     3 |     2 ||     5
       Fireball          |       |     2 ||     2
  Use: Scroll            |     6 |    13 ||    19
  Eat: Chunk             |     2 |       ||     2
       Ration            |     1 |     3 ||     4
Armor: Robe              |     3 |    32 ||    35
Dodge: Dodged            |    15 |    96 ||   111
